 Dungeon Crawl Stone Soup version 0.17.0-25-gefc9c12 (webtiles) character file.

16989 rutigerpupkin the Fighter (level 12, -6/80 HPs)
             Began as a Gargoyle Berserker on Nov 18, 2015.
             Was a High Priest of Trog.
             Killed from afar by a wretched star (15 damage)
             ... with an orb of energy
             ... on level 1 of the Abyss.
             The game lasted 00:37:39 (11471 turns).

rutigerpupkin the Fighter (Gargoyle Berserker)     Turns: 11471, Time: 00:37:39

Health: -6/80      AC: 35    Str: 24    XL:     12   Next: 43%
Magic:  16/16      EV:  9    Int:  8    God:    Trog [*****.]
Gold:   833        SH:  0    Dex:  7    Spells: 0 memorised, 11 levels left

rFire  . . .     SeeInvis .     G - +3 flail (protect)
rCold  + . .     Rnd*Rage +     y - +4 chain mail
rNeg   + . .     SustAt   .     (no shield)
rPois  ∞         Gourm    .     H - +0 helmet
rElec  +         Spirit   .     E - +1 cloak
rCorr  .         Warding  .     b - +0 pair of gloves
rMut   .         Stasis   .     (no boots)
MR     .....                    (no amulet)
Stlth  ..........               B - ring of flight
                                t - ring of protection from cold

@: flying, not resistant to hostile enchantments, extremely unstealthy
A: berserk 2, clumsy 1, deterioration 1, negative energy resistance 1,
electricity resistance, weak 1, unbreathing, petrification resistance, rot
immunity, subdued magic 1, AC +8
a: Berserk, Trog's Hand, Brothers in Arms, Burn Spellbooks, Renounce Religion


You were on level 1 of the Abyss.
You worshipped Trog.
Trog was extremely pleased with you.
You were hungry.

You visited 3 branches of the dungeon, and saw 14 of its levels.
You visited the Abyss 1 time.

You collected 1057 gold pieces.
You spent 224 gold pieces at shops.

Inventory:

Hand Weapons
 a - a +1 antimagic short sword
 G - a +3 flail of protection (weapon)
 N - a +0 blowgun
 Z - a +2 war axe of chopping
Missiles
 e - 4 poisoned javelins (quivered)
 q - 2 tomahawks of returning
 w - 3 curare-tipped needles
 W - 39 poisoned needles
Armour
 b - a +0 pair of gloves (worn)
 d - a +0 fire dragon armour
 y - a +4 chain mail (worn)
 E - a +1 cloak (worn)
 H - a +0 helmet (worn)
Jewellery
 t - a ring of protection from cold (left hand)
 B - a ring of flight (right hand)
Wands
 j - a wand of teleportation (2)
 k - a wand of confusion (27)
 l - a wand of random effects (25)
 m - a wand of polymorph (12)
 n - a wand of slowing (16)
 s - a wand of digging (11)
 u - a wand of disintegration (10)
 v - a wand of magic darts (22)
 F - a wand of paralysis (16)
 V - a wand of frost (17)
Scrolls
 g - a scroll of enchant weapon {unknown}
 i - 3 scrolls of magic mapping
 p - a scroll of fear {unknown}
 z - a scroll of teleportation {unknown}
 C - 5 scrolls of fog {unknown}
Potions
 f - a potion of berserk rage
 o - a potion of haste {unknown}
 x - 3 potions of flight
 A - a potion of poison {unknown}
 J - 10 potions of curing
Comestibles
 c - 5 bread rations
 h - 2 meat rations
 r - 25 fruits


   Skills:
 + Level 11.4 Fighting
 + Level 10.8 Maces & Flails
 + Level 3.0 Throwing
 + Level 10.6 Armour
 + Level 4.1 Dodging
 + Level 6.0 Stealth
 + Level 6.0 Evocations


You had 11 spell levels left.
You didn't know any spells.

Dungeon Overview and Level Annotations

Branches:
Dungeon (11/15)            Temple (1/1) D:4            Lair (2/8) D:11
    Orc (0/4) D:9

Altars:
Ashenzari
Cheibriados
Gozag
Kikubaaqudgha
Nemelex Xobeh
Okawaru
Qazlal
Sif Muna
Xom
Yredelemnul

Shops:
D:5 %   D:7 *   D:8 [

Portals:
Trove: D:11 (give +5 demon blade)

Annotations:
Lair:2 Sonja


Innate Abilities, Weirdness & Mutations

You are resistant to torment.
Your stone body is resilient (AC +8).
You are immune to poison.
You resist negative energy.
You are resistant to electric shocks.
You can survive without breathing.
You are immune to petrification.
You are immune to rotting.
[You often lose your temper in combat.]
[You are clumsy. (Dex -2)]
[Your body sometimes deteriorates upon taking damage.]
[You are weak. (Str -2)]
[Your spells are a little easier to cast, but a little less powerful.]


Message History

The wretched star glows turbulently.
The orb of energy hits you!
* * * LOW HITPOINT WARNING * * *
The orb of energy explodes!
Drink which item? (? for menu, Esc to quit)
It was a potion of flight.
You feel very buoyant.
You fly up into the air.
The wretched star pulses with an eldritch light!
You feel yourself wasting away.
You feel a little pissed off.
Evoke which item? (* to show all) (? for menu, Esc to quit)
Okay, then.
Drink which item? (? for menu, Esc to quit)
You feel better.
The wretched star pulses with an eldritch light!
You feel clumsy.
You feel angry.
You feel weaker.
Your connection to magic feels subdued.
The wretched star glows turbulently.
The orb of energy hits you!
You die...

............##
..... ...) #. .
.#.....# #
...#########
....... .(..#
.##.######.#
...#*###.##.#####
#................
..#######@..####
.. #...# .. #...#
#...# ....# #...#
#.#.# #####


You could see a wretched star.

Vanquished Creatures
  Harold (Lair:1)
  The ghost of PotatoSol the Cleaver, a novice HOFi (D:11)
  A hill giant (D:11)
  An ugly thing (D:8)
  2 cyclopes
  A black mamba (Lair:2)
  2 gargoyles
  A centaur skeleton (D:10)
  A kobold demonologist (D:11)
  2 komodo dragons
  A troll (D:11)
  A freezing wraith (D:11)
  Grinder (D:5)
  A trapdoor spider zombie (D:11)
  A trapdoor spider (D:8)
  A shadow (D:8)
  A wyvern (D:8)
  Eustachio (D:5)
  6 yaks (Lair:1)
  6 hungry ghosts
  A vampire mosquito (D:8)
  10 wolves (Lair:1)
  A mottled dragon (D:8)
  A steam dragon (D:11)
  Edmund (D:4)
  3 hippogriffs
  4 water moccasins
  Duvessa (D:5)
  3 porcupines (Lair:2)
  2 necrophages
  2 ice beasts (D:6)
  3 orc warriors
  3 phantoms
  2 sky beasts
  2 black bears
  2 wasps
  5 ogres
  8 centaurs
  3 crocodiles (Lair:2)
  6 giant frogs
  Blork the orc (D:3)
  2 big kobolds
  Dowan (D:5)
  2 troll zombies (D:9)
  17 killer bees
  A wight (D:8)
  2 centaur zombies
  3 crimson imps
  4 jellies
  8 hounds
  2 quasits
  Crazy Yiuf (D:4)
  8 iguanas
  7 orc priests
  6 orc wizards
  Natasha (thrice) (D:2)
  3 worker ants
  4 ogre zombies (D:9)
  A hound zombie (D:7)
  A hound skeleton (D:10)
  A worker ant zombie (D:6)
  Robin (D:4)
  A river rat (Lair:1)
  15 adders
  A gnoll (D:1)
  An adder zombie (D:5)
  2 adder skeletons
  5 worms
  10 giant geckos
  33 orcs
  A ball python (D:5)
  5 bats
  A giant cockroach (D:3)
  29 goblins
  10 hobgoblins
  6 jackals
  18 kobolds
  8 quokkas
  A giant gecko skeleton (D:7)
  10 giant newts
  2 goblin zombies (D:9)
  2 hobgoblin skeletons (D:9)
  3 orc skeletons (D:9)
  12 orc zombies (D:9)
  8 rats
359 creatures vanquished.

Vanquished Creatures (others)
  3 fungi
3 creatures vanquished.

Grand Total: 362 creatures vanquished

Notes
Turn   | Place    | Note
--------------------------------------------------------------
     0 | D:1      | rutigerpupkin the Gargoyle Berserker began the quest for the Orb.
     0 | D:1      | Reached XP level 1. HP: 14/14 MP: 1/1
   462 | D:1      | Reached XP level 2. HP: 19/19 MP: 2/2
   587 | D:1      | Reached skill level 4 in Fighting
   744 | D:1      | Reached XP level 3. HP: 24/24 MP: 3/3
   994 | D:1      | Reached ** piety under Trog
  1154 | D:2      | Found a snail-covered altar of Cheibriados.
  1197 | D:2      | Noticed Natasha
  1211 | D:2      | Killed Natasha
  1211 | D:2      | Reached XP level 4. HP: 23/30 MP: 4/4
  1251 | D:2      | Noticed Natasha
  1313 | D:2      | Killed Natasha
  1615 | D:2      | Noticed Natasha
  1631 | D:2      | Killed Natasha
  1791 | D:2      | Reached XP level 5. HP: 34/34 MP: 5/5
  1957 | D:2      | Found a shimmering altar of Xom.
  1975 | D:2      | Reached skill level 5 in Fighting
  2170 | D:3      | Reached *** piety under Trog
  2176 | D:3      | Found a deep blue altar of Sif Muna.
  2260 | D:3      | Reached XP level 6. HP: 40/40 MP: 6/6
  2270 | D:3      | Found an ancient bone altar of Kikubaaqudgha.
  2331 | D:3      | Found an opulent altar of Gozag.
  2649 | D:3      | Reached skill level 5 in Maces & Flails
  2929 | D:4      | Found a staircase to the Ecumenical Temple.
  2950 | Temple   | Entered the Ecumenical Temple
  2966 | D:4      | Found a sparkling altar of Nemelex Xobeh.
  2990 | D:4      | Noticed Crazy Yiuf
  2996 | D:4      | Killed Crazy Yiuf
  3021 | D:4      | Noticed Blork the orc
  3022 | D:4      | Noticed Robin
  3046 | D:3      | Killed Blork the orc
  3135 | D:4      | Noticed Edmund
  3153 | D:4      | Killed Edmund
  3153 | D:4      | Reached skill level 6 in Fighting
  3153 | D:4      | Reached XP level 7. HP: 42/46 MP: 7/7
  3198 | D:4      | Killed Robin
  3200 | D:4      | Reached **** piety under Trog
  3505 | D:5      | Entered Level 5 of the Dungeon
  3591 | D:5      | Found Mawoov's Food Shop.
  3593 | D:5      | Noticed Duvessa
  3593 | D:5      | Noticed Dowan
  3600 | D:5      | Killed Duvessa
  3602 | D:5      | Killed Dowan
  3772 | D:5      | Reached XP level 8. HP: 43/52 MP: 8/8
  3789 | D:5      | Found a stormy altar of Qazlal.
  3806 | D:5      | Reached skill level 5 in Armour
  3913 | D:5      | Reached skill level 7 in Fighting
  4066 | D:5      | Noticed Grinder
  4071 | D:5      | Paralysed by Grinder for 7 turns
  4084 | D:5      | Killed Grinder
  4258 | D:5      | Noticed Eustachio
  4268 | D:5      | Killed Eustachio
  4526 | D:6      | Reached skill level 8 in Fighting
  4526 | D:6      | Reached XP level 9. HP: 59/59 MP: 9/9
  5099 | D:7      | Found Untitaicw's General Store.
  5102 | D:7      | Bought a potion of curing for 45 gold pieces
  5102 | D:7      | Bought a potion of mutation for 37 gold pieces
  5102 | D:7      | Bought a scroll of recharging for 142 gold pieces
  5222 | D:7      | Reached skill level 9 in Fighting
  5344 | D:7      | Reached ***** piety under Trog
  6039 | D:8      | Received a gift from Trog
  6039 | D:8      | Reached skill level 1 in Stealth
  6267 | D:8      | Reached skill level 1 in Evocations
  6286 | D:8      | Reached XP level 10. HP: 66/66 MP: 10/10
  6338 | D:8      | Found Ireruta's Armour Emporium.
  6353 | D:8      | Reached skill level 1 in Throwing
  6569 | D:8      | Noticed a brown ugly thing
  6583 | D:8      | Killed a brown ugly thing
  6596 | D:8      | Noticed a komodo dragon
  6630 | D:8      | Killed a komodo dragon
  6734 | D:8      | Noticed a cyclops
  6772 | D:8      | Killed a cyclops
  6831 | D:8      | Reached skill level 10 in Fighting
  7397 | D:9      | Found a staircase to the Orcish Mines.
  7435 | D:9      | Reached XP level 11. HP: 67/72 MP: 13/13
  7486 | D:9      | Reached skill level 5 in Stealth
  7649 | D:9      | Received a gift from Trog
  8083 | D:10     | Entered Level 10 of the Dungeon
  8092 | D:10     | Received a gift from Trog
  8704 | D:11     | Noticed a soul eater
  8741 | D:11     | Noticed a hill giant
  8750 | D:11     | Killed a hill giant
  8811 | D:11     | Found a portal to a secret trove of treasure.
  8917 | D:11     | Noticed PotatoSol's ghost (novice HOFi)
  9005 | D:11     | Killed PotatoSol's ghost
  9005 | D:11     | Reached skill level 10 in Maces & Flails
  9215 | D:11     | Reached skill level 10 in Armour
  9215 | D:11     | Reached skill level 5 in Evocations
  9369 | D:11     | Reached skill level 11 in Fighting
  9607 | D:11     | Found a staircase to the Lair.
  9618 | Lair:1   | Entered Level 1 of the Lair of Beasts
  9737 | Lair:1   | Reached XP level 12. HP: 60/80 MP: 15/15
 10166 | Lair:1   | Noticed Harold
 10190 | Lair:1   | Killed Harold
 11058 | Lair:2   | Noticed Sonja
 11438 | Lair:2   | Cast into the Abyss (Sonja)
 11463 | Abyss:1  | HP: 2/80 [wretched star/orb of energy (18)]
 11471 | Abyss:1  | Killed from afar by a wretched star

Action                   |  1- 3 |  4- 6 |  7- 9 | 10-12 || total
-------------------------+-------+-------+-------+-------++-------
Melee: Mace              |    55 |       |       |       ||    55
       Flail             |    38 |   182 |   320 |   969 ||  1509
       Unarmed           |       |    21 |       |       ||    21
 Fire: Blowgun           |       |       |       |    13 ||    13
Throw: Javelin           |       |       |     2 |       ||     2
Invok: Berserk           |     1 |     1 |     5 |     9 ||    16
       Burn Spellbooks   |       |       |       |     1 ||     1
Evoke: Wand              |       |       |       |    25 ||    25
  Use: Scroll            |       |       |     2 |     5 ||     7
       Potion            |       |       |       |     3 ||     3
  Eat: Chunk             |     1 |     9 |    12 |    35 ||    57
       Fruit             |       |       |     2 |     3 ||     5
       Meat ration       |       |       |       |     3 ||     3
